 Dungeon Crawl Stone Soup version 0.24.0-13-gcf9b3192b9 (webtiles) character file.

Game seed: 4711317146029289873, levelgen mode: deterministic

1602 Quickbrownfox the Charmwright (level 8, 0/96 HPs)
             Began as a Gnoll Skald on Nov 8, 2019.
             Was an Elder of Ru.
             Slain by Harold
             ... wielding a +0 war axe
              (14 damage)
             ... on level 7 of the Dungeon.
             The game lasted 00:33:28 (5286 turns).

Quickbrownfox the Charmwright (Gnoll Skald)         Turns: 5286, Time: 00:33:29

Health: 0/96       AC: 24    Str: 15    XL:     8   Next: 94%
Magic:  7/15       EV:  2    Int: 15    God:    Ru [****..]
Gold:   73         SH:  0    Dex: 21    Spells: 8/19 levels left

rFire    . . .     SeeInvis .   p - +1 war axe
rCold    . . .     Gourm    .   (no shield)
rNeg     + + +     Faith    .   (armour currently unavailable)
rPois    +         Spirit   .   (helmet currently unavailable)
rElec    .         Reflect  .   (cloak currently unavailable)
rCorr    .         Harm     .   (gloves currently unavailable)
MR       .....     NoTele   +   (boots currently unavailable)
Stlth    +++.......             (no amulet)
HPRegen  0.26/turn              G - ring of flight
MPRegen  0.14/turn              L - +5 ring of dexterity

@: exhausted, tree-form
A: distributed training, low mp 1, hated by all, inexperienced 1, strong nose
a: Draw Out Power, Power Leap, Renounce Religion


You were on level 7 of the Dungeon.
You worshipped Ru.
Ru was greatly pleased with you.
You were not hungry.
You were a tree.
You visited 1 branch of the dungeon, and saw 7 of its levels.
You also visited: Sewer and Ossuary.

You collected 334 gold pieces.
You spent 261 gold pieces at shops.

Inventory:

Hand Weapons
 a - a +0 hand axe
 n - a +2 dagger of freezing
 p - a +1 war axe (weapon)
 u - a +2 quarterstaff of chaos
 K - the +5 rapier of the Evening {vamp, rPois}
   (You bought it in a shop on level 6 of the Dungeon)

   It inflicts no extra harm, but heals its wielder when it wounds a living foe.
   It protects you from poison.
Missiles
 q - 3 javelins (quivered)
 E - 4 boomerangs
Armour
 b - a +0 leather armour
 j - a +2 helmet (melded)
 v - a +1 cloak of magic resistance (melded)
 B - the +3 chain mail of Cosengev (melded) {rF+ rN+ Dex-5}
   (You found it on level 4 of the Dungeon)

   It affects your dexterity (-5).
   It protects you from fire.
   It protects you from negative energy.
 H - a cursed +0 chain mail
Jewellery
 G - a ring of flight (left branch)
 L - a +5 ring of dexterity (right branch)
Wands
 i - a wand of disintegration (16)
 y - a wand of random effects (33)
Scrolls
 e - 2 scrolls of enchant weapon
 f - a scroll of enchant armour
 h - a scroll of teleportation
 l - a scroll of fear
 o - a scroll of blinking {unknown}
 s - 2 scrolls of remove curse
 A - a scroll of vulnerability {unknown}
 C - a scroll of fog {unknown}
 D - a scroll of magic mapping
 J - a scroll of brand weapon {unknown}
Potions
 c - a potion of lignification
 g - a potion of cancellation
 k - a potion of might
 m - a potion of berserk rage
 r - a potion of flight {unknown}
 t - a potion of agility {unknown}
 w - a potion of invisibility
 z - 2 potions of brilliance {unknown}
 F - a potion of degeneration {unknown}
Comestibles
 d - 10 rations


   Skills:
 + Level 6.0 Fighting
 + Level 3.7 Short Blades
 + Level 3.7 Long Blades
 + Level 6.0 Axes
 + Level 3.7 Maces & Flails
 + Level 3.7 Polearms
 + Level 3.7 Staves
 + Level 3.7 Slings
 + Level 3.7 Bows
 + Level 3.7 Crossbows
 + Level 3.7 Throwing
 + Level 4.5 Armour
 + Level 6.0 Dodging
 + Level 3.7 Stealth
 + Level 3.7 Shields
 + Level 3.7 Unarmed Combat
 + Level 6.3 Spellcasting
 + Level 3.0 Conjurations
 + Level 3.0 Hexes
 + Level 6.3 Charms
 + Level 3.0 Summonings
 + Level 3.0 Necromancy
 + Level 3.0 Translocations
 + Level 3.0 Transmutations
 + Level 3.0 Fire Magic
 + Level 3.0 Ice Magic
 + Level 3.0 Air Magic
 + Level 3.0 Earth Magic
 + Level 3.0 Poison Magic
 + Level 4.1 Invocations
 + Level 3.7 Evocations


You had 8 spell levels left.
You knew the following spells:

 Your Spells              Type           Power        Failure   Level  Hunger
a - Infusion              Chrm           ###.         1%          1    None
b - Song of Slaying       Chrm           ###.....     1%          2    #......
c - Shroud of Golubria    Chrm/Tloc      ###...       3%          2    #......
d - Regeneration          Chrm/Necr      ###.......   6%          3    ##.....
e - Spectral Weapon       Hex/Chrm       ###.....     6%          3    ##.....

Your spell library contained the following spells:

 Spells                   Type           Power        Failure   Level  Hunger


Dungeon Overview and Level Annotations

Branches:
Dungeon (7/15)              Sewer (visited)         Ossuary (visited)
 Temple: D:4-7

Altars:
Elyvilon
Makhleb
Ru
Vehumet
Zin
The Shining One

Shops:
D:6 (

Annotations:
D:7 Duvessa, Harold


Innate Abilities, Weirdness & Mutations

Your experience applies equally to all skills.
((You have very sharp teeth.))
Your magical capacity is low. (-10% MP)
You are hated by all.
You are somewhat inexperienced. (-2 XL)
Your uncanny sense of smell can sniff out nearby items.


Message History

You hit Harold. You hit the quokka skeleton!
You destroy the quokka skeleton!
Duvessa hits you with a +1 short sword of flaming!
* * * LOW HITPOINT WARNING * * *
Duvessa burns you.
* * * LOW HITPOINT WARNING * * *
Harold hits you but does no damage. Duvessa hits you but does no damage.
You barely miss Duvessa.
Duvessa is severely wounded.
You hit Harold.
You are no longer magically infusing your attacks.
Duvessa hits you but does no damage.
Harold is stunned by your will and fails to attack.
You hit Duvessa but do no damage.
Duvessa is severely wounded.
You hit Harold. Duvessa hits you but does no damage.
Harold hits you but does no damage. Duvessa hits you but does no damage.
You feel better. Duvessa hits you but does no damage.
Harold hits you with a +0 war axe!
You die...

#................+
#..........###.###
#.....>....+ ...
#..........# ##
#..†######## +...+
#...#######
#.)@.......
+.e♣..##.. #.....#
#......# #.##...#∆
#. #.... #. #.....
#..##.# .... .#


You could see Harold and Duvessa (berserk).

Vanquished Creatures
  2 ogres
  3 bullfrogs
  2 elf zombies (Ossuary)
  3 scorpions
  Dowan (D:7)
  A howler monkey (D:5)
  A crimson imp (D:6)
  2 centaur zombies
  A quasit (D:6)
  3 hounds
  An orc priest (D:4)
  3 orc wizards
  Crazy Yiuf (D:3)
  A bullfrog skeleton (D:7)
  Jessica (D:3)
  A worker ant (D:6)
  A killer bee zombie (D:5)
  5 hound skeletons
  2 mummies (Ossuary)
  8 gnolls
  6 adders
  A river rat (D:4)
  14 oozes
  An adder zombie (Ossuary)
  4 worms
  4 dart slugs
  11 leopard geckos
  5 orcs
  9 ball pythons
  15 giant cockroaches
  5 goblins
  8 hobgoblins
  12 jackals
  2 quokkas
  6 bats
  12 frilled lizards
  2 goblin zombies (Ossuary)
  6 hobgoblin zombies (Ossuary)
  A jackal skeleton (D:4)
  2 jackal zombies (Ossuary)
  8 kobolds
  10 kobold zombies (Ossuary)
  A leopard gecko skeleton (D:4)
  11 orc zombies (Ossuary)
  A quokka skeleton (D:7)
  2 quokka zombies
  5 rats
  2 rat zombies
209 creatures vanquished.

Vanquished Creatures (others)
  An iguana (D:4)
  A bat (D:2)
2 creatures vanquished.

Grand Total: 211 creatures vanquished

Notes
Turn   | Place    | Note
-------+----------+-------------------------------------------
     0 | D:1      | Quickbrownfox the Gnoll Skald began the quest for the Orb.
     0 | D:1      | Reached XP level 1. HP: 20/20 MP: 6/6
    80 | D:1      | Reached XP level 2. HP: 25/26 MP: 7/7
   346 | D:1      | Reached XP level 3. HP: 25/31 MP: 5/9
   392 | D:1      | Reached skill level 5 in Spellcasting
   955 | D:2      | Found a radiant altar of Vehumet.
   977 | D:2      | Reached skill level 1 in Invocations
  1019 | D:2      | Reached skill level 1 in Short Blades
  1019 | D:2      | Reached skill level 1 in Long Blades
  1019 | D:2      | Reached skill level 1 in Maces & Flails
  1019 | D:2      | Reached skill level 1 in Polearms
  1019 | D:2      | Reached skill level 1 in Staves
  1019 | D:2      | Reached skill level 1 in Slings
  1019 | D:2      | Reached skill level 1 in Bows
  1019 | D:2      | Reached skill level 1 in Crossbows
  1019 | D:2      | Reached skill level 1 in Throwing
  1019 | D:2      | Reached skill level 1 in Stealth
  1019 | D:2      | Reached skill level 1 in Shields
  1019 | D:2      | Reached skill level 1 in Unarmed Combat
  1019 | D:2      | Reached skill level 1 in Evocations
  1230 | D:2      | Reached XP level 4. HP: 35/38 MP: 11/11
  1495 | D:2      | Learned a level 2 spell: Song of Slaying
  1498 | D:2      | Learned a level 2 spell: Shroud of Golubria
  1502 | D:2      | Learned a level 3 spell: Regeneration
  1506 | D:2      | Learned a level 3 spell: Spectral Weapon
  1597 | D:3      | Found a faded altar of an unknown god.
  1612 | D:3      | Became a worshipper of Ru the Awakened
  1629 | D:3      | Gained mutation: You are somewhat inexperienced. (-2 XL)
                  | [Ru sacrifice]
  1629 | D:3      | Reached XP level 3. HP: 31/31 MP: 9/9
  1629 | D:3      | Reached XP level 2. HP: 26/26 MP: 8/8
  1629 | D:3      | Reached * piety under Ru
  1629 | D:3      | Reached ** piety under Ru
  1647 | D:3      | Reached skill level 1 in Conjurations
  1647 | D:3      | Reached skill level 1 in Hexes
  1647 | D:3      | Reached skill level 1 in Summonings
  1647 | D:3      | Reached skill level 1 in Necromancy
  1647 | D:3      | Reached skill level 1 in Translocations
  1647 | D:3      | Reached skill level 1 in Transmutations
  1647 | D:3      | Reached skill level 1 in Fire Magic
  1647 | D:3      | Reached skill level 1 in Ice Magic
  1647 | D:3      | Reached skill level 1 in Air Magic
  1647 | D:3      | Reached skill level 1 in Earth Magic
  1647 | D:3      | Reached skill level 1 in Poison Magic
  1647 | D:3      | Reached XP level 3. HP: 31/31 MP: 1/9
  1651 | D:3      | Found a burning altar of Makhleb.
  1727 | D:3      | Noticed Jessica
  1743 | D:3      | Killed Jessica
  1743 | D:3      | Reached XP level 4. HP: 21/38 MP: 11/11
  2117 | D:3      | Found a sacrificial altar of Ru.
  2393 | D:3      | Found a runed translucent door.
  2394 | D:3      | Noticed Crazy Yiuf
  2406 | D:3      | Killed Crazy Yiuf
  2500 | D:4      | Found a glowing drain.
  2512 | D:4      | Reached XP level 5. HP: 41/43 MP: 4/12
  2537 | Sewer    | Entered a sewer
  2920 | Sewer    | Reached XP level 6. HP: 47/50 MP: 12/14
  2944 | Sewer    | Reached skill level 5 in Fighting
  2944 | Sewer    | Reached skill level 5 in Axes
  2944 | Sewer    | Reached skill level 5 in Dodging
  3019 | D:4      | Found a sand-covered staircase.
  3031 | Ossuary  | Entered an ossuary
  3240 | Ossuary  | Reached XP level 7. HP: 35/56 MP: 2/15
  3284 | Ossuary  | Gained mutation: Your magical capacity is low. (-10% MP)
                  | [Ru sacrifice]
  3576 | D:4      | Got a bloodstained chain mail
  3587 | D:4      | Identified the +3 chain mail of Cosengev {rF+ rN+ Dex-5}
                  | (You found it on level 4 of the Dungeon)
  3872 | D:4      | Found a glowing silver altar of Zin.
  3873 | D:4      | Found a glowing golden altar of the Shining One.
  3876 | D:4      | Found a white marble altar of Elyvilon.
  4036 | D:5      | Entered Level 5 of the Dungeon
  4059 | D:4      | Reached XP level 8. HP: 27/63 MP: 6/15
  4732 | D:6      | Found Enixu's Antique Weapon Emporium.
  4735 | D:6      | Bought a pitted rapier for 261 gold pieces
  4735 | D:6      | Identified the +5 rapier of the Evening {vamp, rPois} (You
                  | bought it in a shop on level 6 of the Dungeon)
  4869 | D:6      | Gained mutation: You are hated by all. [Ru sacrifice]
  4869 | D:6      | Reached *** piety under Ru
  4869 | D:6      | Reached **** piety under Ru
  5266 | D:7      | Noticed Dowan
  5267 | D:7      | Noticed Harold
  5268 | D:7      | Noticed Duvessa
  5275 | D:7      | Killed Dowan
  5279 | D:7      | HP: 3/64 [Harold/+0 war axe (6)]
  5286 | D:7      | Slain by Harold

Levels and vault maps discovered:
D:1:      nzn_arrival_depleted_hourglass, layout_basic
D:2:      layout_rooms, fiery_altar_vehumet
D:3:      layout_basic, old_standard_altar, nicolae_ru_path_of_blood,
          first_ration, chequers_ecumenical_altar_simple_redux,
          uniq_crazy_yiuf_cottage, uniq_jessica
D:4:      layout_basic, good_gods_temple_1, portal_sewer_entry_b,
          enter_ossuary_4
D:5:      layout_cave_pools, chequers_serial_rivers_micro_d
D:6:      layout_loops_ring, serial_shops, nicolae_shop_behind_doors
D:7:      layout_basic, chequers_temple_overflow_statue_of_worship,
          minmay_temple_entry_proselytizer, uniq_harold, uniq_duvessa,
          uniq_menkaure, uniq_pikel

Skill      XL: |  1  2  3  4  5  6  7  8 |
---------------+-------------------------+-----
Spellcasting   | 5 6 |  6.3
Invocations    | 1 2 3 4 |  4.1
Short Blades   | 1 2 3 |  3.7
Long Blades    | 1 2 3 |  3.7
Maces & Flails | 1 2 3 |  3.7
Polearms       | 1 2 3 |  3.7
Staves         | 1 2 3 |  3.7
Slings         | 1 2 3 |  3.7
Bows           | 1 2 3 |  3.7
Crossbows      | 1 2 3 |  3.7
Throwing       | 1 2 3 |  3.7
Stealth        | 1 2 3 |  3.7
Shields        | 1 2 3 |  3.7
Unarmed Combat | 1 2 3 |  3.7
Evocations     | 1 2 3 |  3.7
Conjurations   | 1 2 3 |  3.0
Hexes          | 1 2 3 |  3.0
Summonings     | 1 2 3 |  3.0
Necromancy     | 1 2 3 |  3.0
Translocations | 1 2 3 |  3.0
Transmutations | 1 2 3 |  3.0
Fire Magic     | 1 2 3 |  3.0
Ice Magic      | 1 2 3 |  3.0
Air Magic      | 1 2 3 |  3.0
Earth Magic    | 1 2 3 |  3.0
Poison Magic   | 1 2 3 |  3.0
Armour         | 3 4 |  4.5
Fighting       | 5 6 |  6.0
Axes           | 5 6 |  6.0
Dodging        | 5 6 |  6.0
Charms         | 6 |  6.3

Action                   |  1- 3 |  4- 6 |  7- 9 || total
-------------------------+-------+-------+-------++-------
Melee: Hand axe          |   125 |    33 |       ||   158
       Bite              |    17 |    24 |    28 ||    69
       Dagger            |       |   117 |       ||   117
       War axe           |       |   146 |   203 ||   349
       Punch             |       |     2 |     3 ||     5
       Rapier            |       |       |    56 ||    56
Throw: Javelin           |       |       |     1 ||     1
 Cast: Infusion          |    10 |    14 |     8 ||    32
       Shroud of Golubri |       |     6 |     1 ||     7
Invok: Sacrifice Experie |     1 |       |       ||     1
       Sacrifice Essence |       |       |     1 ||     1
       Power Leap        |       |       |     1 ||     1
       Sacrifice Love    |       |       |     1 ||     1
Evoke: Wand              |       |     1 |     2 ||     3
  Use: Scroll            |       |     7 |     5 ||    12
       Potion            |       |       |     4 ||     4
 Stab: Sleeping          |     1 |     2 |       ||     3
       Invisible         |       |       |     8 ||     8
       Paralysed         |       |       |     1 ||     1
  Eat: Chunk             |     2 |     6 |     4 ||    12
       Ration            |       |       |     1 ||     1
Armor: Leather armour    |    25 |    95 |    25 ||   145
       Chain mail        |       |       |   149 ||   149
       Skin              |       |       |    10 ||    10
Dodge: Dodged            |    93 |   255 |   157 ||   505
